Unix NetHack Version 5.0.0-0 post-release - last build May 30 2026 05:04:26 (55804bc15828dd6e32e9076e0726aa6fccb6e981,branch:main).

Game began 2026-05-30 05:37:09, ended 2026-05-30 06:09:14.

Atomicjoy, chaotic male elven Wizard

           -------------     --------
           |...........|     |.......              -----
           |....{......|     |......|              ....|      --------
           |...........|     |......-##            |...|      +>.....|
           |...........|     |......| #           #.....##  # |......|
           |...........|     --.----- #           #----- #####-......|
         ##-...........|       #      #           ##    #`### |*.....|
         # --|--------|-       #      #            #    #     --------
         #   #        #       ##      #            #    #
 -----  ##   #                #       #            #  #[#
 |...|  #    #                #       #            #  )
 |...-###    ###             ##       #  ----------#  #
 |.<.|      ---.-            #        # #.........|#  #       ----
 -----      |...|     -------|--     ####|........-####       |@.|
            |...-##   |........|     #  #..(......| #         |.`|
            |_(.| ##  |........|  ####   |.........##         ----
            -----  ###-..).....-###      ----------
                      ----------

Atomicjoy the Evoker      St:9 Dx:13 Co:12 In:20 Wi:14 Ch:9  Chaotic
Dlvl:5  $:2868 HP:13(13) Pw:7(7) AC:6  Xp:1/15 T:3011  Stressed

Latest messages:
 There is a jackal corpse here; eat it? [ynq] (n) y
 This jackal corpse is fatty.
 You finish eating the jackal corpse.
 You see here a crude spear.
 You cannot drop something you are wearing.
 You cannot drop something you are wearing.
 There is an amber flash as a scroll labeled KO BATE hits the altar.
 A spellbook of magic missile lands on the altar.
 A hexagonal wand lands on the altar.
 A steel wand lands on the altar.
 You have a little trouble lifting m - a blessed scroll labeled KO BATE.
 X - an uncursed spellbook of magic missile.
 Z - an uncursed hexagonal wand.
 Y - an uncursed steel wand.
 You see here an empty unlocked large box.
 What do you want to read? [i-kmvyzEHJNSVX or ?*] ?
 This spellbook is difficult to comprehend.  Continue? [yn] (n) y
 You feel a wrenching sensation.
 You materialize in a different location!
 You see here 388 gold pieces.
 You can move again.
 You have a little trouble lifting $ - 388 gold pieces (1129 in total).
 You see here 823 gold pieces.
 You have trouble lifting 823 gold pieces.  Continue? [ynq] (q) q
 What do you want to write with? [- ac-enABGK-MRTWYZ or ?*] -
 You write in the dust with your fingertip.
 What do you want to write in the dust here? foo
 What do you want to write with? [- ac-enABGK-MRTWYZ or ?*] ?
 The engraving on the floor vanishes!
 You write in the dust with an uncursed hexagonal wand.
 What do you want to write in the dust here? vanish
 You see here 823 gold pieces.
 You have trouble lifting 823 gold pieces.  Continue? [ynq] (q) y
 You have trouble lifting $ - 823 gold pieces (1952 in total).
 You rebalance your load.  Movement is difficult.
 You see here 496 gold pieces.
 You have trouble lifting $ - 496 gold pieces (2448 in total).
 You see here 420 gold pieces.
 You have trouble lifting $ - 420 gold pieces (2868 in total).
 What do you want to zap? [cYZ or ?*] ?
 What do you want to zap? [cYZ or ?*] <enter>
 Never mind.
 What do you want to zap? [cYZ or ?*] ?
 In what direction? .
 Suddenly one of the Vault's guards enters!
 "Hello stranger, who are you?" - 
 "Hello stranger, who are you?" - Croesus
 "Oh, yes, of course.  Sorry to have disturbed you."
 Really quit without saving? [yn] (n) y
 Do you want your possessions identified? [ynq] (y) q

Inventory:
 Coins    ('$')
  $ - 2868 gold pieces
 Weapons  (')')
  M - 8 +0 darts
  K - a +0 elven dagger
  R - 2 +0 orcish daggers
  T - a rusty +0 orcish dagger
  a - a +0 quarterstaff (weapon in hands)
 Armor    ('[')
  F - an uncursed +0 helm of telepathy (being worn)
  b - an uncursed burnt +0 cloak of magic resistance (being worn)
  l - an uncursed +0 studded leather armor (being worn)
 Scrolls  ('?')
  i - 2 uncursed scrolls of blank paper
  j - 3 uncursed scrolls of blank paper
  k - an uncursed scroll of blank paper
  m - an uncursed scroll of blank paper
  v - 2 uncursed scrolls of blank paper
  y - 2 uncursed scrolls of blank paper
  z - an uncursed scroll of blank paper
  E - an uncursed scroll of blank paper
  H - an uncursed scroll of blank paper
  J - an uncursed scroll of blank paper
  N - an uncursed scroll of blank paper
  S - 2 uncursed scrolls of blank paper
 Spellbooks  ('+')
  V - an uncursed spellbook of blank paper
  X - an uncursed spellbook of blank paper
 Potions  ('!')
  g - an uncursed potion of booze
  f - an uncursed potion of water
  h - 6 uncursed potions of water
  s - an uncursed potion of water
  P - 2 uncursed potions of water
  Q - an uncursed potion of water
 Rings    ('=')
  d - an uncursed ring of conflict
  e - an uncursed +0 ring of increase damage
  B - an uncursed ring of protection from shape changers
 Wands    ('/')
  Z - a wand of cancellation (0:5)
  c - a wand of secret door detection (0:-1)
  Y - a wand of speed monster (0:-1)
 Tools    ('(')
  o - an uncursed wooden harp
  n - a magic marker (0:0)
  r - an uncursed tin opener
 Gems/Stones  ('*')
  G - an uncursed obsidian stone
  W - 2 uncursed worthless pieces of black glass
  A - 2 uncursed worthless pieces of orange glass
  L - an uncursed worthless piece of yellow glass

Atomicjoy the Wizard's attributes:

Background:
 You were an Evoker, a level 1 male elven Wizard.
 You were chaotic, on a mission for Anhur
 who was opposed by Ptah (lawful) and Thoth (neutral).
 You were right-handed.
 You were in the Dungeons of Doom, on level 5.
 You entered the dungeon 3011 turns ago.
 You had 15 experience points, 5 more were needed to attain level 2.

Basics:
 You had all 13 hit points.
 You had all 7 energy points (spell power).
 Your armor class was 6.
 Your wallet contained 2868 zorkmids.
 Autopickup was off.

Final Characteristics:
 Your strength was 9 (limit:18).
 Your dexterity was 13 (limit:18).
 Your constitution was 12 (limit:16).
 Your intelligence was 20 (limit:20).
 Your wisdom was 14 (limit:20).
 Your charisma was 9 (limit:18).

Final Status:
 You weren't hungry.
 You were stressed; movement was moderately slowed.
 You were wielding a quarterstaff.
 You had basic skill with quarterstaff.

Final Attributes:
 You were devoutly aligned.
 You were magic-protected.
 You were telepathic.
 You had infravision.
 You were warded.
 You survived.

Miscellaneous:
 You didn't encounter any bones levels.
 Total elapsed playing time was 32 minutes and 1 second.

Major events:
 Turn
    1: Atomicjoy the chaotic male elven Wizard entered the dungeon
 1514: entered the Gnomish Mines
 3011: quit

Spells:
 Name                 Level Category     Fail Retention
 force bolt             1   attack         0%   81%-90%
 confuse monster        1   enchantment    0%   81%-90%
 knock                  1   matter         0%  76%-100%
 identify               3   divination    80%  76%-100%

Skills:
 Fighting Skills
   bare handed combat [Unskilled]
   riding             [Unskilled]
 Weapon Skills
   dagger             [Unskilled]
   knife              [Unskilled]
   axe                [Unskilled]
   short sword        [Unskilled]
   club               [Unskilled]
   mace               [Unskilled]
   quarterstaff       [Basic]
   polearms           [Unskilled]
   spear              [Unskilled]
   trident            [Unskilled]
   sling              [Unskilled]
   dart               [Unskilled]
   shuriken           [Unskilled]
 Spellcasting Skills
   attack spells      [Basic]
   healing spells     [Unskilled]
   divination spells  [Unskilled]
   enchantment spells [Basic]
   clerical spells    [Unskilled]
   escape spells      [Unskilled]
   matter spells      [Unskilled]

Voluntary challenges:
 Character rerolling was not enabled.
 You never genocided any monsters.
 You never polymorphed an object.
 You never changed form.
 You used no wishes.
Achievements:
 You entered a shop.
 You entered the Gnomish Mines.

 The Dungeons of Doom: levels 1 to 6
    Level 1:
       A sink.
    Level 2:
       A fountain.
    Level 3:
       A general store.
       Stairs down to The Gnomish Mines.
    Level 4:
       A fountain.
    Level 5: <- You were here.
       An altar, a sink.
    Level 6:
 The Gnomish Mines:
    Level 4:


Vanquished creatures:
 an iguana
  2 acid blobs
  a hobbit
  2 large kobolds
  a green mold
  a gnome zombie
  4 geckos
  4 jackals
  2 foxes
  2 kobolds
  4 goblins
  2 sewer rats
  5 grid bugs
  2 lichens
  a kobold zombie
  5 newts
39 creatures vanquished.

No species were genocided or became extinct.

Goodbye Atomicjoy the Wizard...

You quit in The Dungeons of Doom on dungeon level 5 with 3178 points,
and 2868 pieces of gold, after 3011 moves.
You were level 1 with a maximum of 13 hit points when you quit.

